TOP OF THE 1ST |
Niagara Falls Frenzy batting - Pitching for Hendersonville Hitmen : LHP Simon Martel
|
Pitching: LHP Simon Martel
|
|
Batting: SHB Martín De Jesús
|
0-0: Called Strike 0-1: Ball 1-1: Ball 2-1: Ball 3-1: Swinging Strike 3-2: Foul Ball, location: 2F 3-2: SINGLE (Line Drive, 9S)
|
Batting: LHB Clyde Yarbrough
|
0-0: Ball 1-0: Ball 2-0: Grounds into double play, U4-3 (Groundball, 4)
|
Batting: RHB Lawrence Schroeder
|
0-0: Ball 1-0: Foul Ball, location: 2F 1-1: Swinging Strike 1-2: Ball 2-2: Ball 3-2: Base on Balls
|
Batting: RHB Ángel Hinojosa
|
0-0: Ball 1-0: Called Strike 1-1: Called Strike 1-2: Strikes out swinging
|
Top of the 1st over - 0 run(s), 1 hit(s), 0 error(s), 1 left on base; Niagara Falls 0 - Hendersonville 0 |
BOTTOM OF THE 1ST |
Hendersonville Hitmen batting - Pitching for Niagara Falls Frenzy : RHP Mark Head
|
Pitching: RHP Mark Head
|
|
Batting: RHB Eduardo García
|
0-0: Called Strike 0-1: Ball 1-1: Called Strike 1-2: Ground out U3 (Groundball, 3)
|
Batting: LHB Lorenzo Quintanilla
|
0-0: Ground out U3 (Groundball, 3)
|
Batting: RHB Manolo Román
|
0-0: Ball 1-0: Fly out, F7 (Flyball, 78D)
|
Bottom of the 1st over - 0 run(s), 0 hit(s), 0 error(s), 0 left on base; Niagara Falls 0 - Hendersonville 0 |
TOP OF THE 2ND |
Niagara Falls Frenzy batting - Pitching for Hendersonville Hitmen : LHP Simon Martel
|
Batting: RHB Zander Tremblett
|
0-0: Ball 1-0: SOLO HOME RUN (Flyball, 7LD), Distance : 361 ft
|
Batting: LHB Bill Hall
|
0-0: Foul Ball, location: 2F 0-1: Ball 1-1: Foul Ball, location: 2F 1-2: Strikes out swinging
|
Batting: RHB Keitaro Suzuki
|
0-0: Swinging Strike 0-1: Foul Ball, location: 2F 0-2: Ball 1-2: Ground out 6-3 (Groundball, 6)
|
Batting: SHB Jong-min Kim
|
0-0: Fly out, F8 (Flyball, 78XD)
|
Top of the 2nd over - 1 run(s), 1 hit(s), 0 error(s), 0 left on base; Niagara Falls 1 - Hendersonville 0 |
BOTTOM OF THE 2ND |
Hendersonville Hitmen batting - Pitching for Niagara Falls Frenzy : RHP Mark Head
|
Batting: LHB Tony Abete
|
0-0: Called Strike 0-1: SINGLE (Groundball, 34) (infield hit)
|
Batting: RHB Robert Buckley
|
0-0: Ball 1-0: Fly out, F7 (Popup, 78S)
|
Batting: RHB Felipe Rivera
|
0-0: Called Strike 0-1: Swinging Strike 0-2: Foul Ball, location: 2F 0-2: Foul Ball, location: 2F 0-2: Ball 1-2: Ball 2-2: SINGLE (Flyball, 9S) Tony Abete to second Tony Abete to third
|
Batting: RHB Bill Mark
|
0-0: Fly out, F2 (Popup, 25F)
|
Batting: RHB Taylor McFarland
|
0-0: Swinging Strike 0-1: Fly out, F8 (Flyball, 8LS)
|
Bottom of the 2nd over - 0 run(s), 2 hit(s), 0 error(s), 2 left on base; Niagara Falls 1 - Hendersonville 0 |
TOP OF THE 3RD |
Niagara Falls Frenzy batting - Pitching for Hendersonville Hitmen : LHP Simon Martel
|
Batting: RHB Santiago Zambrano
|
0-0: Called Strike 0-1: Ball 1-1: Called Strike 1-2: Ball 2-2: Ball 3-2: Foul Ball, location: 2F 3-2: Strikes out swinging
|
Batting: SHB Martín De Jesús
|
0-0: Ball 1-0: Ball 2-0: Bunt for hit - play at first, batter safe!
|
Batting: LHB Clyde Yarbrough
|
0-0: Swinging Strike 0-1: Fielders Choice at 2nd, 4-6 (Groundball, 4M)
|
Batting: RHB Lawrence Schroeder
|
0-0: Ball 1-0: Called Strike 1-1: Ball 2-1: SINGLE (Line Drive, 8RS) Clyde Yarbrough to second
|
Batting: RHB Ángel Hinojosa
|
0-0: Ball 1-0: Ground out 6-3 (Groundball, 6)
|
Top of the 3rd over - 0 run(s), 2 hit(s), 0 error(s), 2 left on base; Niagara Falls 1 - Hendersonville 0 |
BOTTOM OF THE 3RD |
Hendersonville Hitmen batting - Pitching for Niagara Falls Frenzy : RHP Mark Head
|
Batting: RHB Robert Bly
|
0-0: Ground out 6-3 (Groundball, 6)
|
Batting: RHB Eduardo García
|
0-0: Foul Ball, location: 2F 0-1: Ball 1-1: Called Strike 1-2: Ball 2-2: Strikes out swinging
|
Batting: LHB Lorenzo Quintanilla
|
0-0: Ball 1-0: Called Strike 1-1: Ball 2-1: Called Strike 2-2: Foul Ball, location: 2F 2-2: Fly out, F3 (Line Drive, 3L)
|
Bottom of the 3rd over - 0 run(s), 0 hit(s), 0 error(s), 0 left on base; Niagara Falls 1 - Hendersonville 0 |
TOP OF THE 4TH |
Niagara Falls Frenzy batting - Pitching for Hendersonville Hitmen : LHP Simon Martel
|
Batting: RHB Zander Tremblett
|
0-0: Foul Ball, location: 2F 0-1: Ball 1-1: Ball 2-1: Foul Ball, location: 2F 2-2: Ground out 4-3 (Groundball, 4)
|
Batting: LHB Bill Hall
|
0-0: Ball 1-0: Ball 2-0: Ball 3-0: Base on Balls
|
Batting: RHB Keitaro Suzuki
|
0-0: TRIPLE (Line Drive, 3L) Bill Hall scores
|
Batting: SHB Jong-min Kim
|
0-0: Called Strike 0-1: Foul Ball, location: 2F 0-2: Ball 1-2: Ball 2-2: Foul Ball, location: 2F 2-2: Ground out U3 (Groundball, 3L)
|
Batting: RHB Santiago Zambrano
|
0-0: Foul Ball, location: 2F 0-1: Ball 1-1: Fly out, F4 (Popup, 4MD)
|
Top of the 4th over - 1 run(s), 1 hit(s), 0 error(s), 1 left on base; Niagara Falls 2 - Hendersonville 0 |
BOTTOM OF THE 4TH |
Hendersonville Hitmen batting - Pitching for Niagara Falls Frenzy : RHP Mark Head
|
Batting: RHB Manolo Román
|
0-0: Ball 1-0: Ball 2-0: SINGLE (Line Drive, 56D)
|
Batting: LHB Tony Abete
|
0-0: Foul Ball, location: 2F 0-1: Called Strike 0-2: Ball 1-2: Foul Ball, location: 2F 1-2: Ground out 4-3 (Groundball, 4M) Manolo Román to second
|
Batting: RHB Robert Buckley
|
0-0: Ground out 6-3 (Groundball, 6)
|
Batting: RHB Felipe Rivera
|
0-0: Foul Ball, location: 2F 0-1: DOUBLE (Flyball, 7LM) Manolo Román scores
|
Batting: RHB Bill Mark
|
0-0: Called Strike 0-1: Ball 1-1: Ball 2-1: Called Strike 2-2: Foul Ball, location: 2F 2-2: Ball 3-2: Base on Balls
|
Batting: RHB Taylor McFarland
|
0-0: Ball 1-0: Swinging Strike 1-1: Called Strike 1-2: Fielders Choice at 2nd, 5-4 (Groundball, 56)
|
Bottom of the 4th over - 1 run(s), 2 hit(s), 0 error(s), 1 left on base; Niagara Falls 2 - Hendersonville 1 |
TOP OF THE 5TH |
Niagara Falls Frenzy batting - Pitching for Hendersonville Hitmen : LHP Simon Martel
|
Batting: SHB Martín De Jesús
|
0-0: Foul Ball, location: 2F 0-1: Foul Ball, location: 2F 0-2: SINGLE (Flyball, 9LM)
|
Batting: LHB Clyde Yarbrough
|
0-0: Foul Ball, location: 2F 0-1: Swinging Strike 0-2: SINGLE (Line Drive, 6MD) Martín De Jesús to second
|
Batting: RHB Lawrence Schroeder
|
0-0: Called Strike 0-1: Foul Ball, location: 2F 0-2: Foul Ball, location: 2F 0-2: Strikes out looking
|
Batting: RHB Ángel Hinojosa
|
0-0: Called Strike 0-1: Fly out, F5 (Popup, 5SF)
|
Batting: RHB Zander Tremblett
|
0-0: Ball 1-0: SINGLE (Groundball, 4D) Martín De Jesús to third Clyde Yarbrough to second Runner from 3rd tries for Home, SAFE, no throw or cutoff
|
Batting: LHB Bill Hall
|
0-0: Ball 1-0: Called Strike 1-1: Ball 2-1: Foul Ball, location: 2F 2-2: Fly out, F8 (Popup, 8RS)
|
Top of the 5th over - 1 run(s), 3 hit(s), 0 error(s), 2 left on base; Niagara Falls 3 - Hendersonville 1 |
BOTTOM OF THE 5TH |
Hendersonville Hitmen batting - Pitching for Niagara Falls Frenzy : RHP Mark Head
|
Batting: RHB Robert Bly
|
0-0: Called Strike 0-1: Ball 1-1: Called Strike 1-2: Ball 2-2: Ball 3-2: Foul Ball, location: 2F 3-2: Ground out 5-3 (Groundball, 5S)
|
Batting: RHB Eduardo García
|
0-0: Ball 1-0: Swinging Strike 1-1: Foul Ball, location: 2F 1-2: Fly out, F5 (Popup, 5F)
|
Batting: LHB Lorenzo Quintanilla
|
0-0: Foul Ball, location: 2F 0-1: Called Strike 0-2: Ball 1-2: Fly out, F8 (Flyball, 8LD)
|
Bottom of the 5th over - 0 run(s), 0 hit(s), 0 error(s), 0 left on base; Niagara Falls 3 - Hendersonville 1 |
TOP OF THE 6TH |
Niagara Falls Frenzy batting - Pitching for Hendersonville Hitmen : LHP Simon Martel
|
Batting: RHB Keitaro Suzuki
|
0-0: Ball 1-0: Called Strike 1-1: Fly out, F6 (Popup, 4M)
|
Batting: SHB Jong-min Kim
|
0-0: SINGLE (Flyball, 8RS)
|
Batting: RHB Santiago Zambrano
|
0-0: Foul Ball, location: 2F 0-1: Ball 1-1: Swinging Strike 1-2: Ball 2-2: Strikes out looking
|
Batting: SHB Martín De Jesús
|
0-0: Called Strike 0-1: Foul Ball, location: 2F 0-2: Ball 1-2: Ball 2-2: Strikes out looking
|
Top of the 6th over - 0 run(s), 1 hit(s), 0 error(s), 1 left on base; Niagara Falls 3 - Hendersonville 1 |
BOTTOM OF THE 6TH |
Hendersonville Hitmen batting - Pitching for Niagara Falls Frenzy : RHP Mark Head
|
Batting: RHB Manolo Román
|
0-0: Ground out 5-3 (Groundball, 5)
|
Batting: LHB Tony Abete
|
0-0: Called Strike 0-1: DOUBLE (Line Drive, 5L)
|
Batting: RHB Robert Buckley
|
0-0: Ground out U3 (Groundball, 3L) Tony Abete to third
|
Batting: RHB Felipe Rivera
|
0-0: Fly out, F9 (Flyball, 9LMF)
|
Bottom of the 6th over - 0 run(s), 1 hit(s), 0 error(s), 1 left on base; Niagara Falls 3 - Hendersonville 1 |
TOP OF THE 7TH |
Niagara Falls Frenzy batting - Pitching for Hendersonville Hitmen : LHP Simon Martel
|
Pitching: LHP Alfonso Ramos
|
|
Batting: LHB Clyde Yarbrough
|
0-0: Swinging Strike 0-1: Ground out 4-3 (Groundball, 4)
|
Batting: RHB Lawrence Schroeder
|
0-0: Called Strike 0-1: Fly out, F7 (Popup, 6D)
|
Batting: RHB Ángel Hinojosa
|
0-0: Ground out 5-3 (Groundball, 15S)
|
Top of the 7th over - 0 run(s), 0 hit(s), 0 error(s), 0 left on base; Niagara Falls 3 - Hendersonville 1 |
BOTTOM OF THE 7TH |
Hendersonville Hitmen batting - Pitching for Niagara Falls Frenzy : RHP Mark Head
|
Batting: RHB Bill Mark
|
0-0: Ball 1-0: Called Strike 1-1: Swinging Strike 1-2: Foul Ball, location: 2F 1-2: Ball 2-2: Strikes out swinging
|
Batting: RHB Taylor McFarland
|
0-0: Called Strike 0-1: Called Strike 0-2: Ball 1-2: Foul Ball, location: 2F 1-2: Ball 2-2: Foul Ball, location: 2F 2-2: Ball 3-2: Strikes out looking
|
Batting: RHB Robert Bly
|
0-0: Ball 1-0: Ball 2-0: Called Strike 2-1: Swinging Strike 2-2: Strikes out swinging
|
Bottom of the 7th over - 0 run(s), 0 hit(s), 0 error(s), 0 left on base; Niagara Falls 3 - Hendersonville 1 |
TOP OF THE 8TH |
Niagara Falls Frenzy batting - Pitching for Hendersonville Hitmen : LHP Alfonso Ramos
|
Batting: RHB Zander Tremblett
|
0-0: Ball 1-0: Ball 2-0: Swinging Strike 2-1: Foul Ball, location: 2F 2-2: Ball 3-2: Ground out 6-3 (Groundball, 6M)
|
Batting: LHB Bill Hall
|
0-0: Ball 1-0: Called Strike 1-1: Ball 2-1: Ground out 6-3 (Groundball, 6)
|
Batting: RHB Keitaro Suzuki
|
0-0: Ball 1-0: DOUBLE (Line Drive, 7LS)
|
Batting: SHB Jong-min Kim
|
0-0: Called Strike 0-1: Ground out 4-3 (Groundball, 4M)
|
Top of the 8th over - 0 run(s), 1 hit(s), 0 error(s), 1 left on base; Niagara Falls 3 - Hendersonville 1 |
BOTTOM OF THE 8TH |
Hendersonville Hitmen batting - Pitching for Niagara Falls Frenzy : RHP Mark Head
|
Pitching: RHP Ángel Francisco
|
|
Batting: RHB Eduardo García
|
0-0: Called Strike 0-1: Called Strike 0-2: Foul Ball, location: 2F 0-2: Ball 1-2: Ball 2-2: SOLO HOME RUN (Flyball, 78XD), Distance : 428 ft
|
Pitching: LHP António Bueno
|
|
Batting: LHB Lorenzo Quintanilla
|
0-0: Foul Ball, location: 2F 0-1: SINGLE (Groundball, 5D)
|
Pitching: RHP Ed Jones
|
|
Batting: RHB Manolo Román
|
0-0: Called Strike 0-1: Ball 1-1: Ball 2-1: Foul Ball, location: 2F 2-2: Ball 3-2: Fly out, F6 (Line Drive, 6)
|
Pitching: LHP Wilbert Cooper
|
|
Batting: LHB Tony Abete
|
0-0: Ball 1-0: SINGLE (Line Drive, 34D) Lorenzo Quintanilla to second
|
Pitching: RHP Nathan Thornton
|
|
Pinch Hitting: SHB David Johnstone
|
0-0: Called Strike 0-1: Ball 1-1: Foul Ball, location: 2F 1-2: Ball 2-2: Ground out 6-3 (Groundball, 56S) Lorenzo Quintanilla to third Tony Abete to second
|
Batting: RHB Felipe Rivera
|
0-0: TRIPLE (Line Drive, 89M) Lorenzo Quintanilla scores Tony Abete scores
|
Pinch Hitting: LHB Jerry Johnston
|
0-0: Fly out, F9 (Flyball, 89M)
|
Bottom of the 8th over - 3 run(s), 4 hit(s), 0 error(s), 1 left on base; Niagara Falls 3 - Hendersonville 4 |
TOP OF THE 9TH |
Niagara Falls Frenzy batting - Pitching for Hendersonville Hitmen : LHP Alfonso Ramos
|
Pitching: RHP Edward Cadle
|
|
Now at 1B: David Johnstone
|
|
Now at 2B: Junior Vargas
|
|
Batting: RHB Santiago Zambrano
|
0-0: Ball 1-0: Foul Ball, location: 2F 1-1: Swinging Strike 1-2: Foul Ball, location: 2F 1-2: Foul Ball, location: 2F 1-2: Foul Ball, location: 2F 1-2: Ball 2-2: Strikes out looking
|
Batting: SHB Martín De Jesús
|
0-0: Foul Ball, location: 2F 0-1: Ground out 5-3 (Groundball, 56)
|
Batting: LHB Clyde Yarbrough
|
0-0: Fly out, F9 (Line Drive, 9D)
|
Top of the 9th over - 0 run(s), 0 hit(s), 0 error(s), 0 left on base; Niagara Falls 3 - Hendersonville 4 |
|